 Dungeon Crawl Stone Soup version 0.29.1-1-gd02db6906a (webtiles) character file.

Game seed: 7255409292981337846

77 Descartes the Trooper (level 4, -2/25 HPs)
             Began as a Spriggan Wanderer on Sept 16, 2022.
             Slain by an orc priest
             ... wielding a +0 club
              (5 damage)
             ... on level 3 of the Dungeon.
             The game lasted 00:03:24 (2053 turns).

Descartes the Trooper (Spriggan Wanderer)           Turns: 2053, Time: 00:03:25

Health: -2/25      AC:  2    Str: 10    XL:     4   Next: 13%
Magic:  7/7        EV: 15    Int: 11    God:
Gold:   81         SH:  6    Dex: 16    Spells: 3/5 levels left

rFire   . . .      SeeInvis +   a - +3 mace
rCold   . . .      Faith    .   b - +0 buckler
rNeg    . . .      Spirit   .   d - +0 robe
rPois   .          Reflect  .   (helmet restricted)
rElec   .          Harm     .   (no cloak)
rCorr   .          Rampage  .   (gloves unavailable)
Will    .....                   (boots unavailable)
Stlth   +.........              (no amulet)
HPRegen 0.08/turn               (no ring)
MPRegen 0.10/turn               (no ring)

@: very quick
A: very small, no large weapons, unfitting armour, see invisible, speed 3
a: no special abilities


You were on level 3 of the Dungeon.
You visited 1 branch of the dungeon, and saw 3 of its levels.

You collected 81 gold pieces.

Inventory:

Hand Weapons
 a - a +3 mace (weapon)
 m - a +0 rapier
Missiles
 e - 39 stones (quivered)
 k - 2 poisoned darts
Armour
 b - a +0 buckler (worn)
 d - a +0 robe (worn)
Jewellery
 l - a +6 ring of strength
 q - a ring of flight
 s - a +6 ring of strength
Wands
 r - a wand of iceblast (7)
Scrolls
 c - a scroll of vulnerability
 f - 3 scrolls of identify {unknown}
 o - 2 scrolls of noise {unknown}
 t - a scroll of torment {unknown}
 v - a scroll of teleportation {unknown}
 w - a scroll of poison {unknown}
Potions
 g - 2 potions of haste {unknown}
 h - a potion of heal wounds {unknown}
 i - 2 potions of berserk rage {unknown}
 j - 3 potions of might {unknown}
 n - a potion of invisibility {unknown}
 p - 2 potions of degeneration {unknown}
 u - a potion of mutation {unknown}


   Skills:
 - Level 4.1 Fighting
 - Level 2.1 Maces & Flails
 + Level 1.9 Dodging
 + Level 0.0 Stealth
 + Level 1.4 Shields
 + Level 1.4 Spellcasting
 + Level 1.0 Conjurations
 + Level 1.5 Translocations
 + Level 2.6 Evocations


You had 3 spell levels left.
You knew the following spells:

 Your Spells              Type           Power      Damage    Failure   Level
a - Blink                 Tloc           8%         N/A       47%         2

Your spell library contained the following spells:

 Spells                   Type           Power      Damage    Failure   Level
 Manifold Assault         Tloc           4%         N/A       100%        5
 Storm Form               Tmut/Air       0%         N/A       100%        7


Dungeon Overview and Level Annotations

Branches:
Dungeon (3/15)

Altars:


Innate Abilities, Weirdness & Mutations

You are very small and have problems with some larger weapons.
You are too small for most types of armour.
You have supernaturally acute eyesight. (SInv)
You cover ground extremely quickly. (Speed+++)


Message History

You closely miss the ball python. The ball python closely misses you.
The ball python constricts you.
The orc priest begins to cast a cantrip, but forgets the words!
The ball python closely misses you. The ball python constricts you.
You block the orc priest's attack.
You hit the ball python.
You kill the ball python!
The orc priest mumbles some strange prayers to Beogh against you.
Beogh smites you!
* * * LOW HITPOINT WARNING * * *
You are too injured to fight recklessly!
You are too injured to fight recklessly!
You are too injured to fight recklessly!
You are too injured to fight recklessly!
You are too injured to fight recklessly!
You are too injured to fight recklessly!
You are too injured to fight recklessly!
You are too injured to fight recklessly!
You are too injured to fight recklessly!
You are too injured to fight recklessly!
You are too injured to fight recklessly!
You are too injured to fight recklessly!
You are too injured to fight recklessly!
You are too injured to fight recklessly!
You are too injured to fight recklessly!
You hit the orc priest but do no damage.
The orc priest hits you with a +0 club.
* * * LOW HITPOINT WARNING * * *
You barely miss the orc priest. The orc priest misses you.
The orc priest miscasts a cantrip.
You barely miss the orc priest. The orc priest barely misses you.
You hit the orc priest but do no damage.
The orc priest closely misses you. The orc priest misses you.
You hit the orc priest.
The orc priest is lightly wounded.
The orc priest hits you but does no damage.
You hit the orc priest.
The orc priest is moderately wounded.
The orc priest hits you with a +0 club.
You die...

..#.#.#.# #.
...#...# #. #.#
#.### #.
S##...#...#####
#.
....#.#.#.....##
#.
##.##...#####.[##
## ......#.##
##..######
.###.##..#
##..#...#
......)@##
##.#...#
##.###o## #.....#
... ... ###...#
.##.... ##.##
#.... #.## ##..#
#..# #.. ##.##
#.. #..## ####...


You could see an orc priest.

Vanquished Creatures
  2 adders (D:2)
  2 worms (D:2)
  2 orcs (D:3)
  5 endoplasms
  A giant cockroach (D:1)
  9 goblins
  5 hobgoblins
  2 quokkas (D:1)
  6 ball pythons
  4 bats
  4 frilled lizards
  3 kobolds
  3 rats (D:1)
48 creatures vanquished.

Vanquished Creatures (others)
  A plant (D:2)
1 creature vanquished.

Grand Total: 49 creatures vanquished

Notes
Turn   | Place    | Note
-------+----------+-------------------------------------------
     0 | D:1      | Descartes the Spriggan Wanderer began the quest for the
                  | Orb.
     0 | D:1      | Descartes set off with the following items: a +3 mace, a +0
                  | buckler, a scroll of vulnerability, a +0 robe.
     0 | D:1      | Reached XP level 1. HP: 13/13 MP: 2/2
   167 | D:1      | Reached XP level 2. HP: 17/17 MP: 3/3
   245 | D:1      | Learned a level 2 spell: Blink
   462 | D:1      | Reached skill level 1 in Dodging
   499 | D:1      | Found a faded altar of an unknown god.
   858 | D:2      | Reached skill level 1 in Spellcasting
   858 | D:2      | Reached XP level 3. HP: 21/21 MP: 5/5
  1022 | D:2      | Reached skill level 1 in Translocations
  1755 | D:2      | Reached skill level 1 in Conjurations
  1953 | D:3      | Reached XP level 4. HP: 25/25 MP: 7/7
  2053 | D:3      | Slain by an orc priest

Illustrated notes

Levels and vault maps discovered:
D:1:      tarquinn_simple_flora_water_e, layout_basic, basic_ecumenical_altar,
          fountainhead
D:2:      layout_basic, guppyfry_early_lair_pool
D:3:      layout_basic, grunt_ministairs_1,
          nicolae_concentric_dashed_squares_mild, guppyfry_early_orc_mine,
          uniq_crazy_yiuf_cottage, uniq_jessica, uniq_ijyb

Skill      XL: |  1  2  3 |
---------------+----------+-----
Dodging        | 1 |  1.9
Evocations     | 2 |  2.6
Spellcasting   | 1 |  1.4
Translocations | 1 |  1.5
Conjurations   | 1 |  1.0
Fighting       | |  4.1
Maces & Flails | |  2.1
Shields        | |  1.4

Action                   |  1- 3 |  4- 6 || total
-------------------------+-------+-------++-------
Melee: Mace              |   101 |    16 ||   117
 Stab: Sleeping          |     4 |       ||     4
Armor: Robe              |     9 |     2 ||    11
Dodge: Dodged            |    80 |    10 ||    90
Block: Buckler           |    37 |     2 ||    39
